 Dungeon Sprint DCSS version 0.31-a0-18-gea43df2a32 (webtiles) character file.

Game seed: 8498925726527289621

1071 sircluck the Cleaver (level 8, -12/82 HPs)
             Began as a Hill Orc Fighter on May 9, 2023.
             Mangled by a yaktaur captain (13 damage)
             ... in the Dungeon (Sprint II: "The Violet Keep of Menkaure").
             The game lasted 00:01:48 (857 turns).

sircluck the Cleaver (Hill Orc Fighter)              Turns: 857, Time: 00:01:49

Health: -12/82     AC:  5    Str: 21    XL:     8   Next: 28%
Magic:  8/8        EV: 10    Int:  8    God:
Gold:   972        SH:  6    Dex: 10    Spells: 7/7 levels left

rFire   . . .        a - +0 war axe
rCold   x . .        c - +0 buckler
rNeg    . . .        b - +0 scale mail
rPois   .            (no helmet)
rElec   .            (no cloak)
rCorr   .            (no gloves)
SInv    .            (no boots)
Will    .....        (no amulet) Stlth
                     (no ring)
HPRegen 0.33/turn    (no ring)
MPRegen 0.11/turn

%: no teleportation
@: unable to drink
A: deformed body, cold vulnerability 1, subdued magic 1, inability to drink
after injury 1
a: no special abilities


You were in the Dungeon.
You visited 1 branch You collected 972 gold pieces.

Inventory:

Hand Weapons
 a - a +0 war axe (weapon)
Armour
 b - a +0 scale mail (worn)
 c - a +0 buckler (worn)
Scrolls
 j - a scroll of blinking
Potions
 e - a potion of curing
 g - a potion of haste
 h - 2 potions of magic


   Skills:
 + Level 11.6 Fighting
 + Level 12.9 Axes
 + Level 10.0 Armour
 + Level 1.5 Dodging
 + Level 8.9 Shields


You had 7 spell levels left.
You didn't know any spells.
Your spell library was empty.

Dungeon Overview and Level Annotations

Branches:
Dungeon (1/1)

Altars:

Shops:
D (!

Annotations:
D Kirke


Innate Abilities, Weirdness & Mutations

Armour fits poorly on your strangely shaped body.
You are vulnerable to cold. (rC-)
Your spells are a little easier to cast, but a little less powerful.
You occasionally lose the ability to drink potions when taking damage.


Message History

Done waiting.
You open the door.
There is an open door here.
Kirke, a skeletal warrior and a yaktaur captain come into view.
Found Socad's Weapon Shoppe and Bogan's Distillery.
Kirke shouts!
The yaktaur captain shouts!
You hear a shout!
The yaktaur captain wields a +0 arbalest.
The yaktaur captain shoots a bolt.
The bolt closely misses you.
A centaur warrior comes into view.
Kirke moves out of view.
You hear a trumpeting!
There is an open door here.
The ice statue glitters chillingly in the dim dungeon light.
You close the door.
There is an open door here.
There's nothing to close nearby.
As you close the door, it creaks loudly!
There is an open door here.
You close the door.
You start waiting.
A yaktaur captain opens the door.
It is wielding a +0 arbalest.
The yaktaur captain shoots a bolt.
The bolt hits you!!
The yaktaur captain unwields a +0 arbalest.
The yaktaur captain hits you!!
There is an open door, spattered with blood here.
You feel much better. The yaktaur captain hits you.
You barely miss the yaktaur captain. The yaktaur captain hits you.
You barely miss the yaktaur captain. You barely miss the yaktaur captain.
The yaktaur captain hits you!
You feel threatened and lose the ability to drink potions!
You hit the yaktaur captain but do no damage.
The yaktaur captain hits you.
You slash the yaktaur captain!
The yaktaur captain is moderately wounded.
The yaktaur captain hits you!!
* * * LOW HITPOINT WARNING * * *
You hit the yaktaur captain but do no damage.
The yaktaur captain is lightly wounded.
The yaktaur captain hits you!
You die...

###c~#+++#+++##
##~~~.........#
∩#~~~~.##+##..#
.#~~~~##.#.##.#
∩#~~~~#..#..# ..
.#~~#####.#####..
.#~##.###+###.##..
.#~#...##@##.#.# .
.+ +##.@c<.'##.+..#
#...##.###..#....#
##.###'###.##......
## #.#.### §....
#.##..# §~~..
###..## §~~. #+##
§~~~ ~~~ ++#++


You could see Kirke and a yaktaur captain.

Vanquished Creatures
  4 neqoxecs (D)
  A water moccasin (D)
  4 necrophages (D)
  4 scorpions (D)
  3 worms (D)
16 creatures vanquished.

Vanquished Creatures (others)
  Menkaure (D)
1 creature vanquished.

Grand Total: 17 creatures vanquished

Notes
Turn   | Place    | Note
-------+----------+-------------------------------------------
     0 | D        | sircluck the Hill Orc Fighter began the quest for the Orb.
     0 | D        | Reached XP level 1. HP: 19/19 MP: 1/1
     1 | D        | Noticed a necrophage
     1 | D        | Noticed a necrophage
     1 | D        | Noticed a necrophage
     1 | D        | Noticed a necrophage
    16 | D        | Killed a necrophage
    17 | D        | Reached skill level 4 in Axes
    17 | D        | Reached skill level 5 in Armour
    17 | D        | Reached skill level 5 in Shields
    17 | D        | Reached XP level 2. HP: 16/31 MP: 2/2
    17 | D        | Reached XP level 3. HP: 20/38 MP: 3/3
    17 | D        | Reached XP level 4. HP: 24/45 MP: 4/4
    19 | D        | Killed a necrophage
    20 | D        | Reached skill level 5 in Axes
    20 | D        | Reached XP level 5. HP: 27/52 MP: 5/5
    23 | D        | Reached skill level 6 in Axes
    29 | D        | Reached skill level 7 in Axes
    29 | D        | Reached XP level 6. HP: 11/62 MP: 6/6
   242 | D        | Noticed a neqoxec
   246 | D        | Noticed a neqoxec
   252 | D        | Killed a neqoxec
   253 | D        | Reached skill level 9 in Axes
   254 | D        | Gained mutation: You occasionally lose the ability to drink
                  | potions when taking damage. [a neqoxec]
   255 | D        | Gained mutation: Armour fits poorly on your strangely
                  | shaped body. [a neqoxec]
   257 | D        | Killed a neqoxec
   258 | D        | Reached skill level 10 in Fighting
   258 | D        | Reached skill level 10 in Axes
   258 | D        | Reached XP level 7. HP: 60/73 MP: 7/7
   260 | D        | Noticed a neqoxec
   261 | D        | Noticed a neqoxec
   274 | D        | Gained mutation: Your spells are a little easier to cast,
                  | but a little less powerful. [a neqoxec]
   278 | D        | Killed a neqoxec
   279 | D        | Reached skill level 11 in Axes
   279 | D        | Reached skill level 1 in Dodging
   283 | D        | Gained mutation: You are vulnerable to cold. (rC-) [a
                  | neqoxec]
   284 | D        | Killed a neqoxec
   285 | D        | Killed Menkaure
   441 | D        | Reached skill level 12 in Axes
   445 | D        | Reached XP level 8. HP: 80/82 MP: 8/8
   480 | D        | Noticed an ice statue
   501 | D        | Reached skill level 10 in Armour
   831 | D        | Found Socad's Weapon Shoppe.
   831 | D        | Found Bogan's Distillery.
   831 | D        | Noticed Kirke
   831 | D        | Noticed a skeletal warrior
   831 | D        | Noticed a yaktaur captain
   831 | D        | Noticed a centaur warrior
   856 | D        | HP: 1/82 [yaktaur captain (25)]
   857 | D        | Mangled by a yaktaur captain

Illustrated notes

Levels and vault maps discovered:
D:        the_violet_keep_of_menkaure [sprint2_stairs_cluster_1,
          sprint2_shoproom, sprint2_temple, sprint2_basic_supplies,
          sprint2_obstacle_7, sprint2_obstacle_3, sprint2_obstacle_2,
          sprint2_obstacle_5, sprint2_obstacle_1, sprint2_timed_cluster_1,
          sprint2_smallroom_cluster_1, sprint2_smallroom_final_cluster_1,
          sprint2_transparent_cluster_1, sprint2_second_timed_cluster_1,
          sprint2_sniper_area_1, sprint2_heavy_combat_area_1,
          sprint2_mutation_trap_area_1, sprint2_forest_area_1,
          sprint2_light_combat_area_1, sprint2_behind_water_1,
          sprint2_near_end_vault_1]

Skill      XL: |  1  2  3  4  5  6  7  8 |
---------------+-------------------------+-----
Fighting       | 6 7 8 10 11 | 11.6
Axes           | 4 5 7 10 12 | 12.9
Armour         | 5 6 7 8 9 10 | 10.0
Shields        | 5 6 7 8 |  8.9
Dodging        | 1 |  1.5

Action                     |  1- 3 |  4- 6 |  7- 9 || total
---------------------------+-------+-------+-------++-------
  Melee: War axe           |    13 |    25 |    53 ||    91
    Use: Potion            |     1 |     1 |     1 ||     3
 Armour: Scale mail        |     5 |     5 |     6 ||    16
  Dodge: Dodged            |     5 |     8 |    14 ||    27
  Block: Buckler           |     1 |     2 |    12 ||    15

Table legend: (Time is in decaauts)
 A = Elapsed time spent in this place.
 B = Non-inter-level travel time spent in this place.
 C = Inter-level travel time spent in this place.
 D = Time resting spent in this place.
 E = Time spent auto-exploring this place.
 F = Levels seen in this place.
 G = Mean time per level.
                   A        B        C        D        E       F      G
               +--------+--------+--------+--------+--------+-----+--------+
         Total |    866 |    863 |      3 |    644 |     54 |   1 |  866.0 |
       Dungeon |    866 |    863 |      3 |    644 |     54 |   1 |  866.0 |
               +--------+--------+--------+--------+--------+-----+--------+

Top non-repeatable levels by time:
       D: 866 daAuts
